 Dungeon Sprint DCSS version 0.23-a0-339-gbd7f2c8 (webtiles) character file.

635 Fang the Cleaver (level 7, 0/51 HPs)
             Began as a Gargoyle Berserker on Oct 17, 2018.
             Was a High Priest of Trog.
             Slain by a fire bat (7 damage)
             ... in the Dungeon (Sprint VII: "The Pits") on Oct 18, 2018.
             The game lasted 00:02:57 (709 turns).

Fang the Cleaver (Gargoyle Berserker)                Turns: 709, Time: 00:02:58

Health: 0/51       AC: 19    Str: 23    XL:     7   Next: 50%
Magic:  7/7        EV:  9    Int:  7    God:    Trog [*****.]
Gold:   0          SH:  0    Dex:  9    Spells: 6/6 levels left

rFire    . . .     SeeInvis .   m - +1 hand axe (freeze)
rCold    . . .     Gourm    .   (no shield)
rNeg     + . .     Faith    .   n - +2 plate armour
rPois    ∞         Spirit   .   (no helmet)
rElec    +         Reflect  .   (no cloak)
rCorr    .         Harm     .   (no gloves)
MR       .....     NoTele   +   (no boots)
Stlth    ..........             (no amulet)
HPRegen  0.17/turn              (no ring)
MPRegen  0.10/turn              (no ring)

@: no status effects
A: negative energy resistance 1, electricity resistance, unbreathing,
petrification resistance, rot immunity, AC +4
a: Berserk, Trog's Hand, Brothers in Arms, Renounce Religion


You were in the Dungeon.
You worshipped Trog.
Trog was extremely pleased with you.
You were not hungry.

You visited 1 branch

Inventory:

Hand Weapons
 j - a +2 hand axe
 m - a +1 hand axe of freezing (weapon)
Armour
 n - a +2 plate armour (worn)
Scrolls
 i - a scroll of blinking
 k - 3 scrolls of remove curse
 l - a scroll of summoning
Potions
 a - 2 potions of invisibility
 d - 6 potions of curing
 e - 5 potions of heal wounds
 f - a potion of haste
 g - 4 potions of magic
 h - 3 potions of berserk rage
Comestibles
 b - 2 chunks of flesh
 c - 9 rations


   Skills:
 + Level 9.4 Fighting
 + Level 10.1 Axes
 + Level 6.3 Armour
 + Level 5.6 Dodging


You had 6 spell levels left.
You didn't know any spells.
Your spell library was empty.

Dungeon Overview and Level Annotations

Branches:
Dungeon (1/1)

Altars:
Cheibriados
Dithmenos
Elyvilon
Fedhas
Gozag
Hepliaklqana
Makhleb
Nemelex Xobeh
Okawaru
Qazlal
Ru
Sif Muna
Trog
Vehumet
Wu Jian
Xom
Yredelemnul
Zin
The Shining One
Beogh
Jiyva
Lugonu


Innate Abilities, Weirdness & Mutations

You are resistant to torment.
Your stone body is resilient. (AC +4)
You are immune to poison.
You resist negative energy. (rN+)
You are resistant to electric shocks. (rElec)
You can survive without breathing.
You are immune to petrification.
You are immune to rotting.


Message History

The tarantella bites you.
Your plate armour prevents you from hitting the tarantella.
The tarantella is severely wounded.
The tarantella bites you!
* * * LOW HITPOINT WARNING * * *
The tarantella bites you but does no damage.
You slash the tarantella! You freeze the tarantella.
You kill the tarantella!
Trog accepts your kill.
Your Axes skill increases to level 10!
Your Armour skill increases to level 6!
There is an open door here.
You see here a tarantella corpse.
You open the door.
A leopard gecko, a fire bat, an ufetubus and a phantom come into view.
The ufetubus shouts!
The leopard gecko hisses angrily.
The fire bat bites you but does no damage.
The fire bat bites you.
* * * LOW HITPOINT WARNING * * *
You are engulfed in flames!
You die...

#.#.....#..##.......#
#.####'##'###...<...#
#.#...†)...##.......#
#.#........##.......#
#(###########.......#
#.))))..#W5 #########
#.)###..#l#
#.......#b#
##.###.##@#
#.......#.+
#..###..#†#
#.......')#
###########


You could see a phantom, a fire bat, an ufetubus and a leopard gecko.

Vanquished Creatures
  A tarantella (D)
  A hungry ghost (D)
  An ogre (D)
  2 centaurs (D)
  A gnoll sergeant (D)
  3 gnolls (D)
  An adder (D)
  An ufetubus (D)
  An orc (D)
  A hobgoblin (D)
  7 jackals (D)
  A kobold (D)
  A quokka (D)
  A bat (D)
  A rat (D)
24 creatures vanquished.

Notes
Turn   | Place    | Note
-------+----------+-------------------------------------------
     0 | D        | Fang the Gargoyle Berserker began the quest for the Orb.
     0 | D        | Reached XP level 1. HP: 14/14 MP: 1/1
     0 | D        | Upgraded the game from 0.23-a0-335-gba3dfdf to
                  | 0.23-a0-339-gbd7f2c8
    18 | D        | Reached skill level 3 in Axes
    73 | D        | Found a bloodstained altar of Trog.
    73 | D        | Found a deep blue altar of Sif Muna.
    73 | D        | Found a viscous altar of Jiyva.
    73 | D        | Found a hazy altar of Hepliaklqana.
    73 | D        | Found an opulent altar of Gozag.
    74 | D        | Found a glowing golden altar of the Shining One.
    74 | D        | Found a glowing silver altar of Zin.
    74 | D        | Found a basalt altar of Yredelemnul.
    74 | D        | Found a shimmering altar of Xom.
    74 | D        | Found an ornate altar of the Wu Jian Council.
    74 | D        | Found a sacrificial altar of Ru.
    74 | D        | Found a stormy altar of Qazlal.
    74 | D        | Found an iron altar of Okawaru.
    74 | D        | Found a sparkling altar of Nemelex Xobeh.
    74 | D        | Found a burning altar of Makhleb.
    74 | D        | Found a blossoming altar of Fedhas.
    74 | D        | Found a white marble altar of Elyvilon.
    74 | D        | Found a shadowy altar of Dithmenos.
    74 | D        | Found a snail-covered altar of Cheibriados.
    76 | D        | Found a radiant altar of Vehumet.
    76 | D        | Found a corrupted altar of Lugonu.
    76 | D        | Found a roughly hewn altar of Beogh.
   116 | D        | Reached ** piety under Trog
   210 | D        | Reached XP level 2. HP: 12/20 MP: 2/2
   344 | D        | Reached skill level 4 in Axes
   345 | D        | Reached *** piety under Trog
   348 | D        | Reached **** piety under Trog
   348 | D        | Reached XP level 3. HP: 25/25 MP: 3/3
   350 | D        | Reached skill level 5 in Fighting
   451 | D        | Noticed a hungry ghost
   455 | D        | Noticed a gnoll sergeant
   457 | D        | Noticed an ogre
   460 | D        | Noticed a centaur
   466 | D        | Killed a hungry ghost
   466 | D        | Reached ***** piety under Trog
   466 | D        | Reached skill level 7 in Axes
   466 | D        | Reached XP level 4. HP: 34/34 MP: 4/4
   466 | D        | Reached XP level 5. HP: 38/38 MP: 5/5
   475 | D        | Killed a centaur
   475 | D        | Reached skill level 8 in Axes
   475 | D        | Reached XP level 6. HP: 24/44 MP: 6/6
   492 | D        | Reached skill level 9 in Axes
   492 | D        | Reached skill level 5 in Armour
   492 | D        | Reached skill level 5 in Dodging
   678 | D        | Reached XP level 7. HP: 51/51 MP: 7/7
   680 | D        | Noticed a tarantella
   705 | D        | Killed a tarantella
   705 | D        | Reached skill level 10 in Axes
   708 | D        | Noticed a fire bat
   709 | D        | Slain by a fire bat

Vault maps used:
D:        pitsprint

Skill      XL: |  1  2  3  4  5  6  7 |
---------------+----------------------+-----
Axes           | 3 4 7 8 9 10 | 10.1
Fighting       | 4 7 9 |  9.4
Dodging        | 2 4 5 |  5.6
Armour         | 4 5 6 |  6.3

Action                   |  1- 3 |  4- 6 |  7- 9 || total
-------------------------+-------+-------+-------++-------
Melee: Hand axe          |    43 |    29 |    21 ||    93
Invok: Berserk           |     2 |       |       ||     2
  Use: Potion            |       |     1 |       ||     1
  Eat: Chunk             |       |     3 |       ||     3
Armor: Animal skin       |    12 |       |       ||    12
       Plate armour      |    11 |    37 |    15 ||    63
Dodge: Dodged            |    43 |    27 |     6 ||    76

Table legend:
 A = Non-vault XP
 B = Vault XP
 C = Vault XP percentage of total XP
 D = Non-vault monster count
 E = Vault monster count
 F = Vault count percentage of total count
                 A         B        C        D         E       F
            +---------+---------+-------+---------+---------+-------
      Total |       0 |     908 | 100.0 |       0 |      24 | 100.0
            +---------+---------+-------+---------+---------+-------
          D |       0 |     908 | 100.0 |       0 |      24 | 100.0
            +---------+---------+-------+---------+---------+-------
